 Dungeon Crawl Stone Soup version 0.22.1-6-g1668fe2 (webtiles) character file.

2723 Fang the Cleaver (level 9, -3/59 HPs)
             Began as a Gargoyle Berserker on Jan 24, 2019.
             Was an Elder of Trog.
             Killed from afar by an orc wizard (7 damage)
             ... with a magic dart
             ... on level 7 of the Dungeon.
             The game lasted 00:07:51 (7866 turns).

Fang the Cleaver (Gargoyle Berserker)               Turns: 7866, Time: 00:07:51

Health: -3/59      AC: 23    Str: 24    XL:     9   Next: 66%
Magic:  9/9        EV:  9    Int:  8    God:    Trog [****..]
Gold:   309        SH:  0    Dex: 12    Spells: 8/8 levels left

rFire    . . .     SeeInvis .   v - +0 war axe
rCold    . . .     Gourm    .   (no shield)
rNeg     + . .     Faith    .   p - +0 chain mail
rPois    ∞         Spirit   .   o - +2 helmet
rElec    +         Reflect  .   (no cloak)
rCorr    .         Harm     .   (no gloves)
MR       .....                  (no boots)
Stlth    ..........             (no amulet)
HPRegen  0.19/turn              q - +3 ring of dexterity
MPRegen  0.11/turn              s - +5 ring of protection

@: berserk cooldown, flying, slowed, very slow
A: negative energy resistance 1, electricity resistance, unbreathing,
petrification resistance, rot immunity, AC +6
a: Berserk, Trog's Hand, Brothers in Arms, Renounce Religion


You were on level 7 of the Dungeon.
You worshipped Trog.
Trog was greatly pleased with you.
You were very hungry.

You visited 2 branches of the dungeon, and saw 8 of its levels.

You collected 309 gold pieces.

Inventory:

Hand Weapons
 v - a +0 war axe (weapon)
Armour
 o - a +2 helmet (worn)
 p - a +0 chain mail (worn)
Jewellery
 q - a +3 ring of dexterity (left hand)
 s - a +5 ring of protection (right hand)
 B - an uncursed ring of protection from magic {unknown}
Wands
 y - a wand of flame (19)
Scrolls
 d - 4 scrolls of remove curse {unknown}
 g - 6 scrolls of identify {unknown}
 h - 3 scrolls of random uselessness {unknown}
 m - 3 scrolls of teleportation {unknown}
 n - 4 scrolls of enchant armour {unknown}
 r - 2 scrolls of enchant weapon {unknown}
 t - a scroll of magic mapping {unknown}
 w - a scroll of noise {unknown}
 x - 2 scrolls of amnesia {unknown}
 z - a scroll of blinking {unknown}
 A - a scroll of fear {unknown}
Potions
 a - a potion of invisibility {unknown}
 b - 3 potions of brilliance {unknown}
 e - 4 potions of haste
 f - a potion of berserk rage
 i - a potion of flight
 j - a potion of magic
 k - 4 potions of lignification {unknown}
 l - 2 potions of curing {unknown}
 u - a potion of degeneration {unknown}
Comestibles
 c - 10 rations


   Skills:
 + Level 8.1 Fighting
 + Level 9.5 Axes
 - Level 3.6 Armour
 - Level 3.3 Dodging
 + Level 1.3 Stealth


You had 8 spell levels left.
You didn't know any spells.
Your spell library was empty.

Dungeon Overview and Level Annotations

Branches:
Dungeon (7/15)             Temple (1/1) D:7

Altars:
Elyvilon
Okawaru
Sif Muna
Trog
Vehumet
Zin

Shops:
D:7 =


Innate Abilities, Weirdness & Mutations

You are resistant to torment.
Your stone body is resilient. (AC +6)
You are immune to poison.
You resist negative energy. (rN+)
You are resistant to electric shocks. (rElec)
You can survive without breathing.
You are immune to petrification.
You are immune to rotting.


Message History

You swing at nothing.
The sentinel's mark upon you fades away.
You swing at nothing.
An orc comes into view. It is wielding a hand axe.
You swing at nothing.
You swing at nothing.
An orc wizard comes into view. It is wielding a dagger of venom.
The orc closely misses you.
Unknown command.
It was a potion of berserk rage.
You're still recovering from your berserk rage.
The orc wizard shouts!
The orc barely misses you.
It was a potion of magic.
Magic courses through your body.
It was a potion of flight.
You feel very buoyant.
You fly up into the air.
The orc wizard casts a spell at you. The magic dart hits you!
You die...

≈≈≈≈≈≈#.#.#####.##.#######
#≈≈#≈≈#.#.# #.##........
≈≈≈≈≈8###.# #...........
......'>#.# ####.#######
≈≈≈≈≈8###.# #.# #≈≈#≈≈#
#.# #.# ≈≈≈≈≈≈#
.########.# #######
........oo# ####..@..#
#.##### #


You could see an orc wizard and an orc.

Vanquished Creatures
  An unseen horror (D:7)
  2 hippogriffs
  Sigmund (D:4)
  A sky beast (D:7)
  An ice beast (D:7)
  3 ogres
  2 bullfrogs (D:7)
  A scorpion (D:6)
  3 killer bees (D:7)
  A bullfrog zombie (D:7)
  A crimson imp (D:5)
  2 hounds
  An orc priest (D:4)
  2 bullfrog skeletons
  A centaur skeleton (D:5)
  2 jellies
  6 orc wizards
  Crazy Yiuf (D:3)
  6 worker ants
  3 hound skeletons
  Robin (D:3)
  A worker ant zombie (D:3)
  3 gnolls (D:6)
  11 adders
  A shadow imp (D:7)
  An ooze (D:3)
  An adder zombie (D:3)
  3 worms
  3 dart slugs
  5 leopard geckos
  16 orcs
  4 ball pythons
  8 bats
  4 giant cockroaches
  12 goblins
  9 hobgoblins
  3 jackals (D:1)
  4 quokkas
  6 frilled lizards
  8 kobolds
  2 leopard gecko skeletons
  A quokka skeleton (D:4)
  7 rats
155 creatures vanquished.

Vanquished Creatures (others)
  A quokka (D:5)
  A ball python skeleton (D:5)
2 creatures vanquished.

Grand Total: 157 creatures vanquished

Notes
Turn   | Place    | Note
-------+----------+-------------------------------------------
     0 | D:1      | Fang the Gargoyle Berserker began the quest for the Orb.
     0 | D:1      | Reached XP level 1. HP: 14/14 MP: 1/1
   287 | D:1      | Reached XP level 2. HP: 19/19 MP: 2/2
  1111 | D:2      | Reached skill level 3 in Axes
  1128 | D:2      | Reached XP level 3. HP: 24/24 MP: 3/3
  1563 | D:2      | Reached ** piety under Trog
  1942 | D:2      | Reached XP level 4. HP: 21/29 MP: 4/4
  2442 | D:3      | Noticed Robin
  2793 | D:3      | Killed Robin
  2794 | D:3      | Reached XP level 5. HP: 33/33 MP: 5/5
  2902 | D:3      | Found a runed door.
  3006 | D:3      | Reached skill level 4 in Axes
  3150 | D:3      | Found a bloodstained altar of Trog.
  3156 | D:3      | Reached *** piety under Trog
  3669 | D:3      | Noticed Crazy Yiuf
  3674 | D:3      | Killed Crazy Yiuf
  3674 | D:3      | Reached XP level 6. HP: 39/39 MP: 6/6
  3966 | D:4      | Reached skill level 5 in Axes
  4037 | D:4      | Reached skill level 5 in Fighting
  4042 | D:4      | Reached XP level 7. HP: 43/44 MP: 7/7
  4117 | D:4      | Noticed Sigmund
  4127 | D:4      | Killed Sigmund
  5091 | D:5      | Entered Level 5 of the Dungeon
  5203 | D:5      | Reached **** piety under Trog
  5211 | D:5      | Reached skill level 6 in Axes
  5247 | D:5      | Reached XP level 8. HP: 9/50 MP: 8/8
  5763 | D:5      | Found a white marble altar of Elyvilon.
  5764 | D:5      | Noticed a hippogriff
  5770 | D:5      | Killed a hippogriff
  5770 | D:5      | Reached skill level 7 in Axes
  6353 | D:6      | Found a radiant altar of Vehumet.
  6389 | D:6      | Found a deep blue altar of Sif Muna.
  6610 | D:6      | Found a glowing silver altar of Zin.
  6851 | D:6      | Found an iron altar of Okawaru.
  6969 | D:7      | Found Ixkuem's Jewellery Shop.
  7020 | D:7      | Reached skill level 8 in Axes
  7022 | D:7      | Reached XP level 9. HP: 56/57 MP: 9/9
  7361 | D:7      | Found a staircase to the Ecumenical Temple.
  7421 | D:7      | Reached skill level 1 in Stealth
  7512 | Temple   | Entered the Ecumenical Temple
  7573 | D:7      | Found a glowing silver altar of Zin.
  7815 | D:7      | Reached skill level 9 in Axes
  7850 | D:7      | HP: 2/85 [something (7)]
  7853 | D:7      | Killed an unseen horror
  7866 | D:7      | Killed from afar by an orc wizard

Skill      XL: |  1  2  3  4  5  6  7  8  9 |
---------------+----------------------------+-----
Axes           | 3 4 5 6 8 9 |  9.5
Dodging        | 2 3 |  3.3
Fighting       | 4 5 7 8 |  8.1
Armour         | 3 |  3.6
Stealth        | 1 |  1.3

Action                   |  1- 3 |  4- 6 |  7- 9 || total
-------------------------+-------+-------+-------++-------
Melee: Hand axe          |   129 |   261 |    38 ||   428
       War axe           |       |       |   219 ||   219
       Trident           |       |       |    22 ||    22
Invok: Berserk           |     1 |     4 |     2 ||     7
  Use: Potion            |       |       |     3 ||     3
  Eat: Chunk             |     3 |    12 |     6 ||    21
       Ration            |       |       |     2 ||     2
Armor: Animal skin       |    61 |    32 |       ||    93
       Chain mail        |       |   153 |   242 ||   395
Dodge: Dodged            |   120 |   135 |   131 ||   386
